 Dungeon Crawl Stone Soup version 0.32-a0-913-g739538afd8 (webtiles) character file.

Game seed: 16841521535215250803

6 Fractals the Caller (level 1, -2/11 HPs)
             Began as a Tengu Summoner on Apr 8, 2024.
             Succumbed to a kobold's poison
             ... on level 1 of the Dungeon.
             The game lasted 00:00:32 (46 turns).

Fractals the Caller (Tengu Summoner)                  Turns: 46, Time: 00:00:32

Health: -2/11      AC:  2    Str:  8    XL:     1   Next: 90%
Magic:  4/4        EV: 11    Int: 15    God:
Gold:   0          SH:  0    Dex: 14    Spells: 3/4 levels left

rFire   . . .        c - +0 dagger (elec)
rCold   . . .        (no shield)
rNeg    . . .        a - +0 robe
rPois   .            (helmet restricted)
rElec   .            (no cloak)
rCorr   .            (no gloves)
SInv    .            (boots unavailable)
Will    .....        (no amulet)
Stlth   ++           (no ring)
HPRegen 0.21/turn    (no ring)
MPRegen 0.09/turn

%: acrobat
@: lethally poisoned (-2 -> -16)
A: beak, talons 3, acrobatic
a: no special abilities


You were on level 1 of the Dungeon.
You visited 1 branch of the dungeon, and saw 1 of its levels.

Inventory:

Hand Weapons
 c - a +0 dagger of electrocution (weapon)
Armour
 a - a +0 robe (worn)
Potions
 b - a potion of magic


   Skills:
 + Level 0.9 Fighting
 - Level 2.1 Dodging
 + Level 2.3 Stealth
 - Level 2.0 Spellcasting
 - Level 4.8 Summonings


You had 3 spell levels left.
You knew the following spells:

 Your Spells              Type           Power      Damage    Failure   Level
a - Summon Small Mammal   Summ           64%        N/A       3%          1

Your spell library contained the following spells:

 Spells                   Type           Power      Damage    Failure   Level
 Call Imp                 Summ           32%        N/A       4%          2
 Call Canine Familiar     Summ           16%        N/A       9%          3
 Summon Blazeheart Golem  Fire/Summ      8%         N/A       63%         4
 Summon Lightning Spire   Summ/Air       8%         N/A       63%         4


Dungeon Overview and Level Annotations

Branches:
Dungeon (1/15)

Altars:


Innate Abilities, Weirdness & Mutations

You have a beak for a mouth.
You have claws for feet.
You can magically evade attacks while moving or waiting.


Message History

g - Guard the area. f - Follow me.
Anything else - Cancel.
Gang up on whom?
Press: ? - help, Dir - move target, f - kobold
Aim: a kobold, wielding a +1 dagger of venom (ally target) Attack!
You see here a frilled lizard corpse.
Your quokka closely misses the kobold.
The kobold misses your quokka.
Your quokka barely misses the kobold.
Your quokka closely misses the kobold.
You barely miss the kobold. The kobold hits you but does no damage.
Your quokka barely misses the kobold.
You barely miss the kobold. Your kick misses the kobold.
Your peck misses the kobold. The kobold barely misses you.
Your quokka closely misses the kobold.
You closely miss the kobold. Your kick misses the kobold.
Your peck misses the kobold. The frilled lizard barely misses you.
Your quokka bites the kobold.
The kobold barely misses you.
You barely miss the kobold.
The kobold is severely wounded.
Your quokka bites the kobold but does no damage.
The frilled lizard bites you. The kobold misses you.
You hit the kobold but do no damage.
The kobold is severely wounded.
Your quokka misses the kobold. The frilled lizard closely misses you.
The kobold hits you with a +1 dagger of venom.
You are lethally poisoned!
Your quokka misses the kobold.
Unknown command.
You closely miss the kobold.
The kobold is severely wounded.
* * * LOW HITPOINT WARNING * * *
You feel sick. The frilled lizard barely misses you.
The kobold hits you with a +1 dagger of venom.
* * * LOW HITPOINT WARNING * * *
You are more poisoned.
Your quokka bites the kobold but does no damage.
Okay, then.
You closely miss the kobold. You peck the kobold.
You kill the kobold!
You die...

+... .#
###...###.##
......#... ..#
###....#..# ....
.......#..# #....
.......#..#......
.......#..#......
......)@.##......
.#~##.r.l........
≈≈#≈#.††...###
≈≈≈≈≈#......###
#≈≈#≈≈#≈##.........
#≈≈≈≈≈≈≈≈#.........
#≈≈#≈≈≈#≈~.........
#≈≈≈≈≈≈##....##...
. ~≈≈≈#≈≈#..####
...


You could see a frilled lizard and a friendly quokka (summoned).

Vanquished Creatures
  2 endoplasms (D:1)
  A kobold (D:1)
  A frilled lizard (D:1)
4 creatures vanquished.

Vanquished Creatures (collateral kills)
  2 hobgoblins (D:1)
2 creatures vanquished.

Grand Total: 6 creatures vanquished

Notes
Turn   | Place    | Note
-------+----------+-------------------------------------------
     0 | D:1      | Fractals the Tengu Summoner began the quest for the Orb.
     0 | D:1      | Reached XP level 1. HP: 10/10 MP: 4/4
    46 | D:1      | Succumbed to a kobold's poison

Illustrated notes

Levels and vault maps discovered:
D:1:      beargit_arrival_greenhouse, layout_basic, minivault_4,
          minmay_misc_feat_chi

Action                     || total
---------------------------++-------
  Melee: Dagger            ||    16
         Peck              ||     5
         Kick              ||     2
   Cast: Summon Small Mamm ||     1
 Armour: Robe              ||    10
  Dodge: Dodged            ||    17

Table legend: (Time is in decaauts)
 A = Elapsed time spent in this place.
 B = Non-inter-level travel time spent in this place.
 C = Inter-level travel time spent in this place.
 D = Time resting spent in this place.
 E = Time spent auto-exploring this place.
 F = Levels seen in this place.
 G = Mean time per level.
                   A        B        C        D        E       F      G
               +--------+--------+--------+--------+--------+-----+--------+
         Total |     45 |     45 |      0 |      0 |     12 |   1 |   45.0 |
       Dungeon |     45 |     45 |      0 |      0 |     12 |   1 |   45.0 |
               +--------+--------+--------+--------+--------+-----+--------+

Top non-repeatable levels by time:
     D:1: 45 daAuts
